 Dungeon Crawl Stone Soup version 0.26-a0-653-g6669bab64c (webtiles) character file.

Game seed: 18014623473340119843

91 rogsnak the Firebug (level 4, -2/24 HPs)
             Began as a Tengu Fire Elementalist on Oct 4, 2020.
             Slain by Terence
             ... wielding a +0 mace
              (6 damage)
             ... on level 2 of the Dungeon.
             The game lasted 00:03:49 (2345 turns).

rogsnak the Firebug (Tengu Fire Elementalist)       Turns: 2345, Time: 00:03:49

Health: -2/24      AC:  2    Str:  8    XL:     4   Next: 59%
Magic:  5/9        EV: 13    Int: 17    God:
Gold:   66         SH:  0    Dex: 14    Spells: 3/8 levels left

rFire    . . .     SeeInvis .   k - +1 dagger (venom)
rCold    . . .     Faith    .   (no shield)
rNeg     . . .     Spirit   .   a - +0 robe
rPois    .         Reflect  .   (helmet restricted)
rElec    .         Harm     .   (no cloak)
rCorr    .         Rampage  .   (no gloves)
MR       .....                  (boots unavailable)
Stlth    ++........             (no amulet)
HPRegen  0.08/turn              (no ring)
MPRegen  0.11/turn              (no ring)

@: very slightly contaminated
A: beak, talons 3
a: no special abilities


You were on level 2 of the Dungeon.
You visited 1 branch of the dungeon, and saw 2 of its levels.

You collected 66 gold pieces.

Inventory:

Hand Weapons
 j - a +0 club
 k - a +1 dagger of venom (weapon)
Missiles
 c - 14 poisoned darts (quivered)
 d - 67 stones
Armour
 a - a +0 robe (worn)
Scrolls
 f - 2 scrolls of identify {unknown}
 h - a scroll of blinking {unknown}
 i - a scroll of random uselessness {unknown}
 m - a scroll of teleportation {unknown}
Potions
 b - a potion of might {unknown}
 e - a potion of stabbing {unknown}
 g - 2 potions of heal wounds {unknown}
 l - 3 potions of flight {unknown}
 n - a potion of brilliance {unknown}
 o - a potion of mutation {unknown}


   Skills:
 + Level 0.3 Fighting
 + Level 2.4 Dodging
 - Level 2.0 Stealth
 + Level 2.7 Spellcasting
 * Level 3.1 Conjurations
 + Level 4.3 Fire Magic


You had 3 spell levels left.
You knew the following spells:

 Your Spells              Type           Power        Failure   Level
a - Foxfire               Conj/Fire      ###.         4%          1
b - Sticky Flame          Conj/Fire      ###.....     36%         4

Your spell library contained the following spells:

 Spells                   Type           Power        Failure   Level
 Conjure Flame            Conj/Fire      ###.....     12%         3
 Inner Flame              Hex/Fire       #.......     22%         3
 Fireball                 Conj/Fire      ###.......   73%         5


Dungeon Overview and Level Annotations

Branches:
Dungeon (2/15)

Altars:

Annotations:
D:2 Terence


Innate Abilities, Weirdness & Mutations

You have a beak for a mouth.
You have claws for feet.


Message History

Level annotation: Terence Terence hits you with a +0 mace.
There is a stone staircase leading up here.
Casting: Foxfire (safe; 4% risk of failure)
Confirm with . or Enter, or press ? or * to list all spells.
The spell is potentially lethal to cast (36% risk of failure)!
Continue anyway?
Aiming: Sticky Flame (potentially lethal; 36% risk of failure)
Press: ? - help, Shift-Dir - straight line, f - Terence
Aim: Terence, wielding a +0 mace and wearing a +0 ring mail You miscast Sticky Flame.
You are very lightly contaminated with residual magic.
You are blasted with magical energy!
Ouch! That really hurt!
Terence hits you with a +0 mace.
* * * LOW HITPOINT WARNING * * *
Casting: Sticky Flame (potentially lethal; 36% risk of failure)
Confirm with . or Enter, or press ? or * to list all spells.
You don't know that spell.
Terence hits you with a +0 mace.
You die...

#....##...###....#
#....#..#####.####
#....#.###....#### .##
#..............).# ...#
#....#.##........#
.....#..###................#.
.....##.......##.##..........
...........#.<##.#........###
..........##@@##..........#
......#....>.###.........#
##...##..#..# #.........#
#..........)# #.........#
....#)......###.........#
##....#.#.......(..........
#....#.###................
#....#..#..............#..
#....##................##.


You could see Terence.

Vanquished Creatures
  4 gnolls
  3 dart slugs
  A leopard gecko (D:2)
  6 bats (D:1)
  5 goblins
  5 hobgoblins
  7 jackals (D:1)
  3 frilled lizards (D:1)
  5 kobolds
  4 rats (D:1)
43 creatures vanquished.

Vanquished Creatures (others)
  136 foxfires
136 creatures vanquished.

Grand Total: 179 creatures vanquished

Notes
Turn   | Place    | Note
-------+----------+-------------------------------------------
     0 | D:1      | rogsnak the Tengu Fire Elementalist began the quest for the
                  | Orb.
     0 | D:1      | Reached XP level 1. HP: 10/10 MP: 4/4
   256 | D:1      | Reached XP level 2. HP: 15/15 MP: 3/6
   713 | D:1      | Reached skill level 4 in Fire Magic
   720 | D:1      | Reached XP level 3. HP: 2/19 MP: 2/7
  2075 | D:2      | Reached XP level 4. HP: 19/24 MP: 2/8
  2291 | D:2      | Noticed Terence
  2342 | D:1      | Learned a level 4 spell: Sticky Flame
  2345 | D:2      | Slain by Terence

Illustrated notes

Levels and vault maps discovered:
D:1:      dpeg_arrival_concentric_ovals, layout_basic, serial_forest,
          infiniplex_forest_corner_1, infiniplex_forest_lined_1,
          infiniplex_forest_straight_2, infiniplex_forest_lined_room_2,
          hangedman_decor_riveting
D:2:      layout_rooms, nicolae_overflow_crystal_walls, cheibriados_altar_1,
          minmay_close_crescents, uniq_terence

Skill      XL: |  1  2  3  4 |
---------------+-------------+-----
Fire Magic     | 4 |  4.3
Conjurations   | 2 3 |  3.1
Fighting       | |  0.3
Dodging        | |  2.4
Stealth        | |  2.0
Spellcasting   | |  2.7

Action                   |  1- 3 |  4- 6 || total
-------------------------+-------+-------++-------
Melee: Unarmed           |     3 |       ||     3
       Kick              |     3 |       ||     3
       Dagger            |    22 |     1 ||    23
       Peck              |     6 |       ||     6
 Cast: Foxfire           |    64 |    14 ||    78
 Stab: Sleeping          |     2 |       ||     2
Armor: Robe              |     8 |       ||     8
Dodge: Dodged            |    26 |     1 ||    27

Table legend: (Time is in decaauts)
 A = Elapsed time spent in this place.
 B = Non-inter-level travel time spent in this place.
 C = Inter-level travel time spent in this place.
 D = Time resting spent in this place.
 E = Time spent auto-exploring this place.
 F = Levels seen in this place.
 G = Mean time per level.
                   A        B        C        D        E       F      G
               +--------+--------+--------+--------+--------+-----+--------+
         Total |   2347 |   2290 |     57 |    843 |   1020 |   2 | 1173.5 |
       Dungeon |   2347 |   2290 |     57 |    843 |   1020 |   2 | 1173.5 |
               +--------+--------+--------+--------+--------+-----+--------+

Top non-repeatable levels by time:
     D:1: 2039 daAuts
     D:2: 308 daAuts
